 Dungeon Crawl Stone Soup version 0.19.5 (webtiles) character file.

62 JeffiDaFish the Grave Robber (level 3, -1/20 HPs)
             Began as a Deep Elf Necromancer on Mar 8, 2017.
             Slain by a shadow imp (4 damage)
             ... on level 3 of the Dungeon.
             The game lasted 00:09:48 (2153 turns).

JeffiDaFish the Grave Robber (Deep Elf Necromancer) Turns: 2153, Time: 00:09:49

Health: -1/20      AC:  6    Str:  4 (5)  XL:     3   Next: 85%
Magic:  10/10      EV:  9    Int: 16 (19) God:
Gold:   46         SH:  0    Dex: 16      Spells: 2 memorised, 8 levels left

rFire  . . .     SeeInvis .     f - +0 mace
rCold  . . .     Gourm    .     d - +1 ring mail
rNeg   . . .     Faith    .     (no shield)
rPois  .         Spirit   .     g - +0 hat
rElec  .         Reflect  .     (no cloak)
rCorr  .         Harm     .     (no gloves)
MR     .....                    (no boots)
Stlth  ++........               (no amulet)
                                (no ring)
                                (no ring)

@: no status effects
A: no striking features
a: no special abilities


You were on level 3 of the Dungeon.
You were not hungry.

You visited 1 branch of the dungeon, and saw 3 of its levels.

You collected 46 gold pieces.

Inventory:

Hand Weapons
 f - a +0 mace (weapon)
Armour
 d - a +1 ring mail (worn)
 g - a +0 hat (worn)
Scrolls
 e - 2 scrolls of identify
 i - a scroll of magic mapping
Books
 b - a book of Necromancy

   Spells                             Type                      Level
   a - Pain                           Necromancy                   1
   b - Animate Skeleton               Necromancy                   1
   c - Vampiric Draining              Necromancy                   3
   d - Regeneration                   Charms/Necromancy            3
   e - Animate Dead                   Necromancy                   4
   f - Control Undead                 Necromancy                   4
Comestibles
 a - a chunk of flesh
 c - a bread ration
 h - a slice of pizza


   Skills:
 + Level 0.4 Fighting
 + Level 0.8 Maces & Flails
 + Level 0.5 Armour
 + Level 2.7 Dodging
 + Level 2.4 Stealth
 + Level 4.1 Spellcasting
 + Level 5.3 Necromancy


You had 8 spell levels left.
You knew the following spells:

 Your Spells              Type           Power        Failure   Level  Hunger
a - Pain                  Necr           ###.         14%         1    None
b - Animate Skeleton      Necr           N/A          14%         1    None


Dungeon Overview and Level Annotations

Branches:
Dungeon (3/15)

Altars:
Dithmenos
Qazlal
Vehumet


Message History

You closely miss the shadow imp. The shadow imp hits you.
You barely miss the shadow imp. The shadow imp hits you.
The shadow imp hits you but does no damage.
You hit the shadow imp.
The shadow imp is moderately wounded.
The shadow imp gestures at you.
You barely resist.
You hit the shadow imp but do no damage.
The shadow imp is moderately wounded.
The shadow imp hits you.
* * * LOW HITPOINT WARNING * * *
The shadow imp hits you but does no damage.
You hit the shadow imp but do no damage.
The shadow imp is moderately wounded.
The shadow imp hits you.
* * * LOW HITPOINT WARNING * * *
You hit the shadow imp.
The shadow imp is heavily wounded.
The shadow imp hits you.
You die...

####### ### .......
... #.# .......
......# ##[# .......
.......##..# .......
.......#...##.......
#......#........#
............@5.>#
#......#......[.#
#...........##..#
#.......###.#..##
..#.###.###....# .
#...##.#..#
##.#......##
...##..<....###
#.......#####


You could see a shadow imp.

Vanquished Creatures
  An adder (D:2)
  A gnoll (D:3)
  2 oozes
  A leopard gecko (D:2)
  2 giant cockroaches
  A goblin (D:1)
  8 hobgoblins
  3 jackals (D:1)
  6 kobolds
  A ball python (D:1)
  A bat (D:2)
  3 frilled lizards
  5 rats (D:1)
35 creatures vanquished.

Notes
Turn   | Place    | Note
-------+----------+-------------------------------------------
     0 | D:1      | JeffiDaFish the Deep Elf Necromancer began the quest for the Orb.
     0 | D:1      | Reached XP level 1. HP: 10/10 MP: 6/6
   131 | D:1      | Learned a level 1 spell: Animate Skeleton
   621 | D:1      | Reached skill level 5 in Necromancy
   666 | D:1      | Reached XP level 2. HP: 11/15 MP: 4/8
  1610 | D:2      | Reached XP level 3. HP: 19/19 MP: 8/10
  1689 | D:2      | Found a stormy altar of Qazlal.
  1690 | D:2      | Noticed an air elemental
  1691 | D:2      | Noticed a fire elemental
  1691 | D:2      | Noticed an earth elemental
  1691 | D:2      | Noticed a water elemental
  1982 | D:2      | Found a shadowy altar of Dithmenos.
  1983 | D:2      | Found a radiant altar of Vehumet.
  2088 | D:3      | HP: 1/20 [gnoll/halberd (1)]
  2097 | D:3      | HP: 1/20 [ooze (1)]
  2153 | D:3      | Slain by a shadow imp

Skill      XL: |  1  2  3 |
---------------+----------+-----
Necromancy     | 5 |  5.3
Spellcasting   | 4 |  4.1
Fighting       | |  0.4
Maces & Flails | |  0.8
Armour         | |  0.5
Dodging        | |  2.7
Stealth        | |  2.4

Action                   || total
-------------------------++-------
Melee: Dagger            ||    10
       Unarmed           ||     7
       Mace              ||    40
 Cast: Pain              ||    45
       Animate Skeleton  ||    15
  Use: Scroll            ||     5
       Potion            ||     5
  Eat: Chunk             ||     4
Armor: Ring mail         ||    43
Dodge: Dodged            ||    45
